 Dungeon Crawl Stone Soup version 0.30-a0-358-g0d69a1922f (webtiles) character file.

Game seed: 10480876058506160507

5826 ryw the Thaumaturge (level 10, -6/59 HPs)
             Began as a Deep Elf Summoner on Nov 8, 2022.
             Was an Initiate of Gozag.
             Mangled by Pikel
             ... wielding a +0 whip of electrocution
              (10 damage)
             ... on level 9 of the Dungeon.
             The game lasted 00:41:25 (12570 turns).

ryw the Thaumaturge (Deep Elf Summoner)            Turns: 12570, Time: 00:41:26

Health: -6/59      AC: 10    Str:  5    XL:     10   Next: 51%
Magic:  8/25       EV: 16    Int: 31    God:    Gozag
Gold:   2153       SH:  0    Dex: 15    Spells: 10/28 levels left

rFire   + + +      SeeInvis .    x - +3 spear (venom)
rCold   + . .      Faith    .    (no shield)
rNeg    . . .      Spirit   .    a - +0 robe
rPois   .          Reflect  .    q - +2 hat
rElec   .          Harm     .    k - scarf {rC+ rF+}
rCorr   .          Rampage  .    l - +2 pair of gloves of the Lion {rF++ Will+}
Will    ++...                    g - +2 pair of boots
Stlth   ++........               (no amulet)
HPRegen 0.29/turn                e - ring of wizardry
MPRegen 0.19/turn                I - +6 ring of intelligence

@: studying Shields
A: no striking features
a: Renounce Religion, Potion Petition, Call Merchant, Bribe Branch


You were on level 9 of the Dungeon.
You worshipped Gozag.
Gozag was most pleased with you.
You visited 2 branches of the dungeon, and saw 10 of its levels.

You collected 2336 gold pieces.
You paid 183 gold pieces to Gozag.

Inventory:

Hand Weapons
 f - a +0 spear of freezing
 u - a +2 antimagic trident
 x - a +3 spear of venom (weapon)
Missiles
 n - 3 throwing nets
Armour
 a - a +0 robe (worn)
 g - a +2 pair of boots (worn)
 k - a scarf of resistance (worn)
 l - the +2 pair of gloves of the Lion (worn) {rF++ Will+}
   (You acquired it on level 6 of the Dungeon)

   rF:        It greatly protects you from fire.
   Will:      It increases your willpower.
 q - a +2 hat (worn)
 s - a +2 cloak
 H - the +1 leather armour "Nifine Udwuc" {rCorr Dex+3}
   (You found it on level 5 of the Dungeon)

   Dex:       It affects your dexterity (+3).
   rCorr:     It protects you from acid and corrosion.
Jewellery
 e - a ring of wizardry (left hand)
 j - a ring of flight
 o - a ring of see invisible
 w - a +4 ring of evasion
 D - a ring of ice
 I - a +6 ring of intelligence (right hand)
Wands
 C - a wand of digging (9)
 E - a wand of light (6)
 F - a wand of mindburst (16)
 G - a wand of charming (22)
Scrolls
 i - 4 scrolls of teleportation
 v - 2 scrolls of identify
 y - 2 scrolls of amnesia
Potions
 b - 2 potions of magic
 c - a potion of berserk rage
 d - 6 potions of invisibility
 h - 11 potions of curing
 m - a potion of resistance
 p - a potion of flight
 r - 4 potions of lignification
 t - 5 potions of heal wounds
 z - 3 potions of mutation
 A - 4 potions of cancellation
 B - 2 potions of haste


   Skills:
 + Level 5.4 Fighting
 - Level 2.0 Polearms
 + Level 8.5 Dodging
 - Level 2.4 Stealth
 + Level 9.7 Spellcasting
 - Level 5.0 Hexes
 - Level 6.8 Summonings
 + Level 5.4 Transmutations
 - Level 2.7 Air Magic
 + Level 5.5 Earth Magic


You had 10 spell levels left.
You knew the following spells:

 Your Spells              Type           Power      Damage    Failure   Level
a - Call Imp              Summ           55%        N/A       1%          2
b - Call Canine Familiar  Summ           55%        N/A       1%          3
c - Summon Guardian Gole  Hex/Summ       51%        N/A       1%          3
d - Summon Lightning Spi  Summ/Air       44%        N/A       1%          4
e - Statue Form           Tmut/Erth      32%        N/A       21%         6

Your spell library contained the following spells:

 Spells                   Type           Power      Damage    Failure   Level
 Sting                    Tmut/Pois      100%       1d8       1%          1
 Summon Small Mammal      Summ           100%       N/A       1%          1
 Poisonous Vapours        Pois/Air       46%        N/A       1%          2
 Petrify                  Tmut/Erth      49%        N/A       1%          4
 Kindle Blastsparks       Fire/Tloc/Air  40%        2d13      2%          3
 Gell's Gravitas          Tloc           15%        N/A       4%          3
 Lesser Beckoning         Tloc           30%        N/A       4%          3
 Teleport Other           Tloc           15%        N/A       4%          3
 Fulminant Prism          Conj/Hex       15%        3d10      4%          4
 Lee's Rapid Deconstruct  Erth           24%        3d13*     4%          5
 Iskenderun's Mystic Bla  Conj/Tloc      15%        2d5       13%         4
 Olgreb's Toxic Radiance  Pois           15%        N/A       13%         4
 Metabolic Englaciation   Hex/Ice        15%        N/A       13%         5


Dungeon Overview and Level Annotations

Branches:
Dungeon (9/15)             Temple (1/1) D:5
   Lair: D:8-11         Orc: D:9-12

Altars:
Ashenzari
Cheibriados
Dithmenos
Elyvilon
Fedhas
Gozag
Hepliaklqana
Kikubaaqudgha
Makhleb
Nemelex Xobeh
Okawaru
Qazlal
Ru
Sif Muna
Trog
Uskayaw
Vehumet
Wu Jian
Xom
Yredelemnul
Zin

Annotations:
D:7 2 transporters, Heh's ghost, novice OpRe
D:9 Pikel


Message History

Reach: x) +3 spear (venom)
Press: ? - help, Dir - move target You could not reach far enough!
Your warg bites something.
Your warg closely misses something.
Something hits your warg! Something bites your warg.
Your warg bites something.
Something hits your warg!
Your warg dies!
Your warg's corpse disappears in a puff of smoke!
A lemure comes into view.
Something hits your lightning spire!
Something completely misses your lightning spire.
Casting: Call Imp (safe; 1% risk of failure)
Confirm with . or Enter, or press ? or * to list all spells.
Something hits your lightning spire!
Something bites your lightning spire but does no damage.
A lemure comes into view.
The yak bellows!
Your lightning spire disappears in a puff of smoke!
Pikel misses you.
Your warg bites the lemure!
The lemure hits you but does no damage.
Your warg misses the lemure.
Your warg bites the lemure.
The lemure hits you. Pikel attacks as you move away!
Pikel hits you with a +0 whip of electrocution.
You are electrocuted!
Your warg barely misses the lemure.
Your warg bites Pikel!
Okay, then.
Unknown command.
Okay, then.
Unknown command.
Casting: Call Canine Familiar (safe; 1% risk of failure)
Confirm with . or Enter, or press ? or * to list all spells.
An electric hum fills the air.
The yak gores you. x2
* * * LOW HITPOINT WARNING * * *
The lemure misses you. The lemure hits you!
* * * LOW HITPOINT WARNING * * *
Pikel hits you with a +0 whip of electrocution.
* * * LOW HITPOINT WARNING * * *
You are electrocuted!
You die...
Your body crumbles into a pile of gold.

############################
...............5@YY.<......#
......#........KY58.......!#
.......<.....{h.5......##..#
................#......# #
................#.......
................#........
..........................
##+############+####.......


You could see Pikel, 3 yaks, 3 lemures, a friendly warg (summoned) and a
friendly lightning spire (summoned).

Vanquished Creatures
  2 yaks (D:8)
  A killer bee (D:8)
  A howler monkey (D:5)
  2 crimson imps (D:7)
  A jelly (D:7)
  A gnoll bouda (D:4)
  2 orc wizards
  2 gnolls (D:7)
  A shadow imp (D:7)
  3 white imps (D:7)
  8 orcs
  A ball python (D:3)
  2 bats (D:2)
  2 goblins
  A hobgoblin (D:1)
  2 quokkas
  3 frilled lizards
  5 kobolds
  2 rats
42 creatures vanquished.

Vanquished Creatures (collateral kills)
  Joseph (D:8)
  The ghost of koil the Sneak, a novice SpEn (D:5)
  A hornet (D:7)
  Sigmund (D:4)
  A shadow (D:7)
  3 yaks (D:8)
  Duvessa (D:4)
  An orc warrior (D:7)
  An ice beast (D:8)
  A sky beast (D:7)
  3 black bears
  An ogre (D:6)
  A lemure (D:8)
  A phantom (D:5)
  A bullfrog (D:7)
  2 necrophages
  A gnoll sergeant (D:5)
  A scorpion (D:5)
  4 jellies
  5 wights
  The ghost of tonyyikes the Sneak, a weakling AtDe (D:4)
  2 killer bees (D:8)
  The ghost of HolyTactitian the Chiller, a weakling MfIE (D:3)
  7 electric eels (D:8)
  2 howler monkeys
  3 crimson imps (D:7)
  2 hounds
  An orc priest (D:4)
  2 gnoll boudas
  7 orc wizards
  3 iguanas
  20 gnolls
  13 adders
  A white imp (D:5)
  An ufetubus (D:7)
  3 dart slugs
  16 orcs
  5 bats
  7 endoplasms
  A giant cockroach (D:4)
  10 goblins
  7 hobgoblins
  2 jackals (D:4)
  2 kobolds
  A quokka (D:4)
  3 ball pythons
  3 frilled lizards
  4 rats
162 creatures vanquished.

Vanquished Creatures (others)
  A yak (D:5)
  An orc warrior (D:7)
  3 ogres
  A centaur (D:7)
  Dowan (D:4)
  A jelly (D:7)
  An orc priest (D:5)
  Crazy Yiuf (D:4)
  A gnoll bouda (D:7)
  An iguana (D:3)
  A gnoll (D:3)
  An orc (D:5)
  A hobgoblin (D:3)
  A kobold (D:3)
  10 plants
26 creatures vanquished.

Grand Total: 230 creatures vanquished

Notes
Turn   | Place    | Note
-------+----------+-------------------------------------------
     0 | D:1      | ryw the Deep Elf Summoner began the quest for the Orb.
     0 | D:1      | Reached XP level 1. HP: 10/10 MP: 6/6
   120 | D:1      | Reached XP level 2. HP: 7/15 MP: 5/8
   123 | D:1      | Learned a level 2 spell: Call Imp
   432 | D:1      | Found a faded altar of an unknown god.
  1000 | D:2      | Reached skill level 4 in Spellcasting
  1024 | D:2      | Reached skill level 5 in Summonings
  1024 | D:2      | Reached XP level 3. HP: 15/19 MP: 6/10
  1028 | D:2      | Learned a level 3 spell: Call Canine Familiar
  1032 | D:2      | Learned a level 3 spell: Summon Guardian Golem
  1712 | D:2      | Identified a scroll of acquirement
  1712 | D:2      | Acquired 810 gold pieces
  1750 | D:3      | Reached skill level 1 in Hexes
  1788 | D:3      | Reached XP level 4. HP: 24/24 MP: 2/12
  2177 | D:3      | Found a blossoming altar of Fedhas.
  2441 | D:3      | Found a large runed translucent door.
  2441 | D:3      | Found a large runed translucent door.
  2514 | D:3      | Reached skill level 1 in Fighting
  2550 | D:3      | Reached XP level 5. HP: 29/29 MP: 1/13
  2971 | D:3      | Noticed HolyTactitian's ghost (weakling MfIE)
  3450 | D:3      | Reached skill level 5 in Spellcasting
  3676 | D:3      | Killed HolyTactitian's ghost
  3677 | D:3      | Reached XP level 6. HP: 34/34 MP: 5/15
  4447 | D:4      | Reached XP level 7. HP: 16/40 MP: 11/17
  4474 | D:4      | Learned a level 4 spell: Summon Lightning Spire
  4738 | D:4      | Noticed Sigmund
  4758 | D:4      | Killed Sigmund
  4759 | D:4      | Reached skill level 6 in Spellcasting
  4759 | D:4      | Reached skill level 1 in Air Magic
  4858 | D:4      | Noticed Duvessa
  4872 | D:4      | Noticed Dowan
  4874 | D:4      | Killed Duvessa
  4878 | D:4      | Killed Dowan
  4879 | D:4      | Reached skill level 5 in Dodging
  5014 | D:4      | Found a runed translucent door.
  5015 | D:4      | Noticed Crazy Yiuf
  5038 | D:4      | Killed Crazy Yiuf
  5506 | D:4      | Found a transporter.
  5544 | D:4      | Noticed tonyyikes's ghost (weakling AtDe)
  5560 | D:4      | Found a transporter.
  5639 | D:5      | Entered Level 5 of the Dungeon
  5639 | D:5      | Found a staircase to the Ecumenical Temple.
  5653 | Temple   | Entered the Ecumenical Temple
  5949 | D:5      | Reached XP level 8. HP: 45/45 MP: 12/19
  6127 | D:5      | Learned a level 6 spell: Statue Form
  6242 | D:5      | You fall into a shaft and drop 3 floors!
  6322 | D:6      | Reached skill level 5 in Hexes
  6564 | D:6      | Acquired the +2 pair of gloves of the Lion {rF++ Will+}
  6598 | D:6      | Reached skill level 1 in Polearms
  7203 | D:7      | Found an opulent altar of Gozag.
  7204 | D:7      | Found a bloodstained altar of Trog.
  7205 | D:7      | Found an ancient bone altar of Kikubaaqudgha.
  7210 | D:7      | Became a worshipper of Gozag Ym Sagoz the Greedy
  7271 | D:7      | Noticed a slime creature
  7274 | D:7      | Found a transporter.
  7391 | D:7      | Reached skill level 7 in Spellcasting
  7396 | D:7      | Reached skill level 1 in Transmutations
  7396 | D:7      | Reached skill level 1 in Earth Magic
  7506 | D:7      | Found a transporter.
  7506 | D:7      | Noticed Heh's ghost (novice OpRe)
  7701 | D:7      | Reached XP level 9. HP: 16/52 MP: 15/22
  8514 | D:7      | Reached skill level 8 in Spellcasting
  9268 | D:4      | Killed tonyyikes's ghost
  9609 | D:5      | Found a runed translucent door.
  9610 | D:5      | Identified the +1 leather armour "Nifine Udwuc" {rCorr
                  | Dex+3}
  9931 | D:5      | Noticed koil's ghost (novice SpEn)
 10208 | D:5      | Killed koil's ghost
 10209 | D:5      | Reached XP level 10. HP: 58/58 MP: 16/24
 10619 | D:8      | Reached skill level 9 in Spellcasting
 10706 | D:8      | Reached skill level 5 in Fighting
 10817 | D:8      | Noticed Joseph
 10823 | D:8      | Killed Joseph
 10824 | D:8      | Reached skill level 5 in Transmutations
 10824 | D:8      | Reached skill level 5 in Earth Magic
 11153 | D:8      | Found a sacrificial altar of Ru.
 12519 | D:9      | Noticed Pikel
 12570 | D:9      | Mangled by Pikel

Illustrated notes

Levels and vault maps discovered:
D:1:      lightli_arrival_isolated_outpost, layout_basic,
          dreamdust_ecumenical_altar_grove
D:2:      layout_rooms
D:3:      layout_basic, fedhas_altar_1, ebering_ghost_disaster_area,
          kennysheep_decorative_pillar, minmay_divided_ellipse
D:4:      nicolae_cairo_tiling_large, layout_basic,
          gammafunk_ghost_gnarly_gnolls, uniq_sigmund, uniq_duvessa,
          uniq_crazy_yiuf_cottage
D:5:      layout_loops_ring, minmay_temple_entry_trees,
          ebering_ghost_inner_flame
D:6:      layout_loops_ring
D:7:      minmay_bubble_buster, layout_basic,
          chequers_temple_overflow_statue_of_worship, gammafunk_ghost_arena,
          minmay_nine_imps
D:8:      layout_cave_pools, nicolae_ru_great_annihilating_truth, fountainhead,
          serial_bayou_lake_a, uniq_joseph
D:9:      layout_stronghold, tso_oasis_becter, erik_orc_1,
          minmay_tree_intersection, uniq_grum, uniq_pikel, uniq_amaemon,
          uniq_maggie, uniq_maurice
Temple:   minmay_temple_bridge_d

Skill      XL: |  1  2  3  4  5  6  7  8  9 10 |
---------------+-------------------------------+-----
Spellcasting   | 4 5 6 7 8 9 |  9.7
Summonings     | 5 6 |  6.8
Hexes          | 1 2 3 4 5 |  5.0
Dodging        | 3 4 5 6 7 8 |  8.5
Fighting       | 1 2 3 4 5 |  5.4
Air Magic      | 2 |  2.7
Polearms       | 1 2 |  2.0
Transmutations | 1 4 5 |  5.4
Earth Magic    | 1 4 5 |  5.5
Stealth        | |  2.4

Action                   |  1- 3 |  4- 6 |  7- 9 | 10-12 || total
-------------------------+-------+-------+-------+-------++-------
Melee: Unarmed           |     9 |       |       |       ||     9
       Spear             |    43 |    29 |   173 |    40 ||   285
       Whip              |     1 |       |       |       ||     1
       Punch             |       |       |     1 |       ||     1
 Cast: Summon Small Mamm |    24 |     6 |       |       ||    30
       Call Imp          |    16 |    17 |    22 |     9 ||    64
       Call Canine Famil |     6 |    28 |    37 |    20 ||    91
       Summon Guardian G |     3 |     7 |    30 |     6 ||    46
       Summon Lightning  |       |       |    21 |    17 ||    38
  Use: Scroll            |     2 |    11 |    13 |     4 ||    30
 Stab: Distracted        |     2 |     2 |       |     2 ||     6
       Sleeping          |       |     3 |       |       ||     3
Armor: Robe              |     8 |     4 |    37 |    13 ||    62
Dodge: Dodged            |    31 |    28 |   130 |    50 ||   239

Table legend: (Time is in decaauts)
 A = Elapsed time spent in this place.
 B = Non-inter-level travel time spent in this place.
 C = Inter-level travel time spent in this place.
 D = Time resting spent in this place.
 E = Time spent auto-exploring this place.
 F = Levels seen in this place.
 G = Mean time per level.
                   A        B        C        D        E       F      G
               +--------+--------+--------+--------+--------+-----+--------+
         Total |  12617 |  12027 |    590 |   2292 |   7381 |  10 | 1261.7 |
       Dungeon |  12386 |  11804 |    582 |   2292 |   7168 |   9 | 1376.2 |
        Temple |    231 |    223 |      8 |      0 |    213 |   1 |  231.0 |
               +--------+--------+--------+--------+--------+-----+--------+

Top non-repeatable levels by time:
     D:3: 2310 daAuts
     D:7: 1962 daAuts
     D:4: 1881 daAuts
     D:8: 1877 daAuts
     D:5: 1623 daAuts
     D:1: 988 daAuts
     D:6: 979 daAuts
     D:2: 739 daAuts
  Temple: 231 daAuts
     D:9: 22 daAuts
